 Dungeon Sprint DCSS version 0.29-a0-380-gf50f0a9fbc (webtiles) character file.

Game seed: 15416336210963442362

11830 mhtbhm the Severer (level 11, -4/113 HPs)
             Began as a Minotaur Fighter on May 5, 2022.
             Was an Initiate of Gozag.
             Slain by Rupert
             ... wielding a +2 battleaxe of flaming
              (6 damage)
             ... in the Dungeon (Sprint III: "The Ten Rune Challenge").
             The game lasted 00:07:51 (4657 turns).

mhtbhm the Severer (Minotaur Fighter)               Turns: 4657, Time: 00:07:52

Health: -4/113     AC: 12    Str: 25    XL:     11   Next: 54%
Magic:  10/10      EV: 12    Int:  5    God:    Gozag
Gold:   8337       SH:  6    Dex: 10    Spells: 10/10 levels left

rFire   + . .      SeeInvis .   a - +0 war axe
rCold   + . .      Faith    .   c - +0 buckler
rNeg    . . .      Spirit   .   b - +0 scale mail
rPois   +          Reflect  .   (helmet restricted)
rElec   +          Harm     .   (no cloak)
rCorr   +          Rampage  .   s - +1 pair of gloves
Will    .....      NoTele   +   (no boots)
Stlth   +++.......              (no amulet)
HPRegen 0.28/turn               (no ring)
MPRegen 0.12/turn               (no ring)

@: resistant, invisible
A: horns 2, retaliatory headbutt, talons 1, poison resistance, noise suppression
a: Renounce Religion, Potion Petition, Call Merchant, Bribe Branch


You were in the Dungeon.
You worshipped Gozag.
Gozag was greatly pleased with you.
You visited 1 branch You collected 9400 gold pieces.
You spent 205 gold pieces at shops.
You paid 858 gold pieces to Gozag.

Inventory:

Hand Weapons
 a - a +0 war axe (weapon)
 x - a +1 double sword of holy wrath
Missiles
 p - 4 curare-tipped darts (quivered)
 w - 7 silver javelins
Armour
 b - a +0 scale mail (worn)
 c - a +0 buckler (worn)
 s - a +1 pair of gloves (worn)
Wands
 f - a wand of mindburst (11)
 r - a wand of polymorph (5)
Scrolls
 j - a scroll of blinking
 l - a scroll of poison
 m - a scroll of amnesia
 o - a scroll of torment
 u - a scroll of immolation {unknown}
 v - a scroll of enchant armour {unknown}
Potions
 d - a potion of might
 e - a potion of curing
 g - a potion of haste
 h - 2 potions of magic
 k - 6 potions of mutation
 n - 2 potions of flight {unknown}
 q - a potion of resistance {unknown}
 t - a potion of invisibility {unknown}
Miscellaneous
 i - a condenser vane


   Skills:
 + Level 15.5 Fighting
 + Level 18.8 Axes
 + Level 0.5 Throwing
 + Level 15.7 Armour
 + Level 8.0 Dodging
 + Level 9.8 Stealth
 + Level 11.8 Shields
 + Level 0.7 Unarmed Combat
 + Level 4.7 Evocations


You had 10 spell levels left.
You didn't know any spells.
Your spell library contained the following spells:

 Spells                   Type           Power      Damage    Failure   Level
 Static Discharge         Conj/Air       0%         N/A       86%         2
 Lightning Bolt           Conj/Air       0%         1d11      100%        5
 Maxwell's Capacitive Co  Air            0%         ∞         100%        8


Dungeon Overview and Level Annotations

Branches:
Dungeon (1/1)

Altars:
Cheibriados
Dithmenos
Elyvilon
Fedhas
Gozag
Hepliaklqana
Kikubaaqudgha
Makhleb
Nemelex Xobeh
Okawaru
Qazlal
Ru
Sif Muna
Trog
Uskayaw
Vehumet
Wu Jian
Xom
Yredelemnul
Zin
The Shining One
Beogh
Jiyva
Lugonu

Shops:
D *

Annotations:
D Rupert


Innate Abilities, Weirdness & Mutations

You have a pair of horns on your head.
You reflexively headbutt those who attack you in melee.
You have sharp toenails.
Your system is resistant to poisons. (rPois)
You passively dampen the noise of your surroundings.


Message History

Rupert resists with almost no effort.
Unknown command.
You hit Rupert. Your kick misses Rupert. You headbutt Rupert, but do no damage.
Rupert is moderately wounded.
Rupert hits you but does no damage.
You hit Rupert but do no damage.
Rupert is moderately wounded.
You hit Rupert but do no damage. You claw Rupert, but do no damage.
Rupert is moderately wounded.
Rupert hits you with a +2 battleaxe of flaming!!!
Rupert burns you!!
You hit Rupert. You claw Rupert! Your headbutt misses Rupert.
Rupert is moderately wounded.
Rupert hits you with a +2 battleaxe of flaming!
Rupert burns you.
You slash Rupert! You headbutt Rupert, but do no damage.
Rupert is moderately wounded.
Unknown command.
Okay, then. [a] - 494 gold - heal wounds, resistance and might [b] - 682 gold - heal wounds, magic, resistance and invisibility [c] - 288 gold - brilliance and magic Purchase which effect?
You feel much better. Magic courses through your body.
You feel protected.
You fade into invisibility!
Rupert is no longer moving slowly.
Rupert hits you with a +2 battleaxe of flaming!!
* * * LOW HITPOINT WARNING * * *
Rupert burns you!
* * * LOW HITPOINT WARNING * * *
Unknown command.
Unknown command.
Unknown command.
You slash Rupert! You claw Rupert.
Rupert is heavily wounded.
Rupert hits you with a +2 battleaxe of flaming!!
* * * LOW HITPOINT WARNING * * *
Rupert burns you.
You die...
Your body crumbles into a pile of gold.

#(.# #..#####....#___#_
▓▓▓▓▓▓▓▓▓▓▓▓▓▓▓▓▓▓▓▓▓▓▓
+.≈.≈≈≈≈≈≈♣♣.....♣♣
#≈≈§§≈§§≈≈♣♣.≈≈≈≈'♣
#≈≈≈§§§§§≈≈'.....#.
#≈≈.§.§§≈≈♣♣♣♣♣♣♣#.
$#.≈≈§≈§≈≈≈♣ ##
▓##+####'###### ♣♣♣
▓.....@@.(.((... ♣..
▓#+############# ♣♣. ♣.
♣♣ ♣♣ ♣. ##


You could see Rupert (berserk, can't see you, very poisoned).

Vanquished Creatures
  Harold (D)
  Erolcha (D)
  An orc high priest (D)
  Urug (D)
  A lindwurm (D)
  Joseph (D)
  A deep elf pyromancer (D)
  2 orc sorcerers (D)
  2 cane toads (D)
  A rime drake (D)
  A komodo dragon (D)
  2 tyrant leeches (D)
  5 blink frogs (D)
  3 wandering mushrooms (D)
  A shadow (D)
  5 redbacks (D)
  A spatial vortex (D)
  An orc warrior (D)
  A swamp drake (D)
  5 two-headed ogres (D)
  A water elemental (D)
  A necrophage (D)
  A scorpion (D)
  26 killer bees (D)
  2 orc priests (D)
  A jelly (D)
  Jessica (D)
  3 orc wizards (D)
  A wizard (D)
  A necromancer (D)
  3 humans (D)
  A kobold demonologist (D)
  9 orcs (D)
  An endoplasm (D)
  2 rats (D)
91 creatures vanquished.

Vanquished Creatures (collateral kills)
  4 killer bees (D)
4 creatures vanquished.

Vanquished Creatures (others)
  A queen bee (D)
  2 killer bees (D)
  A ballistomycete spore (D)
  2 plants (D)
6 creatures vanquished.

Grand Total: 101 creatures vanquished

Notes
Turn   | Place    | Note
-------+----------+-------------------------------------------
     0 | D        | mhtbhm the Minotaur Fighter began the quest for the Orb.
     0 | D        | Reached XP level 1. HP: 19/19 MP: 0/0
    21 | D        | Noticed Jessica
    28 | D        | Killed Jessica
    29 | D        | Reached skill level 5 in Fighting
    29 | D        | Reached skill level 3 in Axes
    29 | D        | Reached skill level 5 in Armour
    29 | D        | Reached skill level 5 in Shields
    29 | D        | Reached XP level 2. HP: 17/29 MP: 1/1
   174 | D        | Reached XP level 3. HP: 36/36 MP: 2/2
   190 | D        | Reached skill level 4 in Axes
   259 | D        | Noticed a scorpion
   268 | D        | Killed a scorpion
   269 | D        | Reached skill level 5 in Axes
   269 | D        | Reached XP level 4. HP: 12/45 MP: 3/3
   286 | D        | Gained mutation: You passively dampen the noise of your
                  | surroundings. [potion of mutation]
   286 | D        | Gained mutation: You have sharp toenails. [potion of
                  | mutation]
   487 | D        | Noticed a water elemental
   500 | D        | Killed a water elemental
   501 | D        | Reached skill level 6 in Axes
   501 | D        | Reached skill level 1 in Dodging
   501 | D        | Reached XP level 5. HP: 34/52 MP: 4/4
   675 | D        | Found a basalt altar of Yredelemnul.
   675 | D        | Found a shadowy altar of Dithmenos.
   675 | D        | Found a sacrificial altar of Ru.
   765 | D        | Reached skill level 7 in Axes
   765 | D        | Reached XP level 6. HP: 60/61 MP: 5/5
   769 | D        | Noticed a shadow
   775 | D        | HP: 1/61 [something (19)]
   776 | D        | Killed a shadow
   777 | D        | Reached skill level 8 in Axes
   777 | D        | Reached skill level 10 in Armour
  1084 | D        | Found a blossoming altar of Fedhas.
  1084 | D        | Found a stormy altar of Qazlal.
  1084 | D        | Found a snail-covered altar of Cheibriados.
  1084 | D        | Found a burning altar of Makhleb.
  1084 | D        | Found a shimmering altar of Xom.
  1084 | D        | Noticed a spatial vortex
  1085 | D        | Found a hazy altar of Hepliaklqana.
  1085 | D        | Found an opulent altar of Gozag.
  1085 | D        | Found a sparkling altar of Nemelex Xobeh.
  1085 | D        | Found a corrupted altar of Lugonu.
  1085 | D        | Found a viscous altar of Jiyva.
  1094 | D        | Killed a spatial vortex
  1095 | D        | Reached skill level 9 in Axes
  1095 | D        | Reached XP level 7. HP: 56/70 MP: 6/6
  1100 | D        | Became a worshipper of Gozag Ym Sagoz the Greedy
  1176 | D        | Found a radiant altar of Vehumet.
  1176 | D        | Found a shimmering blue altar of Sif Muna.
  1176 | D        | Found an ancient bone altar of Kikubaaqudgha.
  1181 | D        | Noticed a rust devil
  1182 | D        | Noticed an orange demon
  1318 | D        | Found a glowing silver altar of Zin.
  1318 | D        | Found a glowing golden altar of the Shining One.
  1318 | D        | Found a white marble altar of Elyvilon.
  1319 | D        | Noticed a deep elf pyromancer
  1323 | D        | Killed a deep elf pyromancer
  1324 | D        | Reached skill level 10 in Fighting
  1324 | D        | Reached skill level 10 in Axes
  1336 | D        | Found a hide-covered altar of Uskayaw.
  1336 | D        | Found an iron altar of Okawaru.
  1337 | D        | Found a bloodstained altar of Trog.
  1337 | D        | Found an ornate altar of the Wu Jian Council.
  1337 | D        | Noticed a human
  1340 | D        | Noticed a human
  1346 | D        | Killed a human
  1347 | D        | Reached skill level 11 in Axes
  1347 | D        | Reached XP level 8. HP: 69/81 MP: 7/7
  1648 | D        | Reached skill level 12 in Axes
  1648 | D        | Reached skill level 1 in Stealth
  1792 | D        | Noticed a two-headed ogre
  1797 | D        | Killed a two-headed ogre
  1798 | D        | Reached skill level 1 in Evocations
  1914 | D        | Noticed a two-headed ogre
  1914 | D        | Noticed Erolcha
  1929 | D        | Killed a two-headed ogre
  1930 | D        | Reached skill level 13 in Axes
  1930 | D        | Reached XP level 9. HP: 34/89 MP: 8/8
  1934 | D        | Killed Erolcha
  1935 | D        | Reached skill level 14 in Axes
  1935 | D        | Reached skill level 5 in Dodging
  1935 | D        | Reached skill level 10 in Shields
  2253 | D        | Found Tiubroz's Assorted Antiques.
  2253 | D        | Noticed an orc sorcerer
  2253 | D        | Noticed an orc sorcerer
  2254 | D        | Noticed an orc high priest
  2255 | D        | Noticed a sun demon
  2257 | D        | Gained mutation: Your system is resistant to poisons.
                  | (rPois) [a neqoxec]
  2259 | D        | Killed an orc sorcerer
  2261 | D        | Killed an orc sorcerer
  2262 | D        | Reached skill level 15 in Axes
  2269 | D        | Killed an orc high priest
  2270 | D        | Reached skill level 5 in Stealth
  2270 | D        | Reached XP level 10. HP: 54/99 MP: 9/9
  2286 | D        | Reached skill level 16 in Axes
  2311 | D        | Bought a potion of heal wounds for 95 gold pieces
  2429 | D        | Bought a fuming red potion for 17 gold pieces
  2429 | D        | Bought a scroll of identify for 38 gold pieces
  2429 | D        | Bought a scroll labelled KUTSAA ILLIUG for 19 gold pieces
  2429 | D        | Bought a scroll labelled GEBYDU KERGH for 19 gold pieces
  2429 | D        | Bought a puce potion for 17 gold pieces
  3011 | D        | Noticed Harold
  3011 | D        | Noticed Joseph
  3017 | D        | Killed Harold
  3018 | D        | Reached skill level 17 in Axes
  3020 | D        | Killed Joseph
  3195 | D        | Reached XP level 11. HP: 96/110 MP: 10/10
  3235 | D        | Reached skill level 15 in Armour
  3252 | D        | Reached skill level 18 in Axes
  3807 | D        | Noticed a lindwurm
  3815 | D        | Killed a lindwurm
  3993 | D        | Noticed Urug
  4011 | D        | Killed Urug
  4012 | D        | Reached skill level 15 in Fighting
  4644 | D        | Noticed Rupert
  4657 | D        | HP: 2/113 [Rupert/+2 battleaxe of flaming (25)]
  4657 | D        | Slain by Rupert

Illustrated notes

Levels and vault maps discovered:
D:        dungeon_sprint_mu [sprint_mu_entry_cave, sprint_mu_temple_rooms,
          sprint_mu_d1_spiders, sprint_mu_d2_genie, sprint_mu_d3_branching,
          sprint_mu_orc_legion, sprint_mu_elf_gauntlet, sprint_mu_hive_nellie,
          sprint_mu_lair_fedhas, sprint_mu_vaults_butterflies,
          sprint_mu_slime_circle, sprint_mu_shoals_archi,
          sprint_mu_snake_twists, sprint_mu_blade_basic,
          sprint_mu_crypt_fortress, sprint_mu_tomb_spiral,
          sprint_mu_vestibule_basic, sprint_mu_gehenna_hellfire,
          sprint_mu_dis_giant, sprint_mu_tartarus_statrot,
          sprint_mu_cocytus_islands, sprint_mu_zot1]

Skill      XL: |  1  2  3  4  5  6  7  8  9 10 11 |
---------------+----------------------------------+-----
Fighting       | 5 6 7 8 9 10 11 12 14 15 | 15.5
Armour         | 5 6 7 9 10 12 13 14 15 | 15.7
Shields        | 5 6 7 8 9 10 11 | 11.8
Axes           | 3 5 6 7 9 11 13 15 17 18 | 18.8
Dodging        | 1 2 3 4 5 6 8 |  8.0
Stealth        | 2 5 8 9 |  9.8
Evocations     | 2 4 |  4.7
Throwing       | |  0.5
Unarmed Combat | |  0.7

Action                   |  1- 3 |  4- 6 |  7- 9 | 10-12 || total
-------------------------+-------+-------+-------+-------++-------
Melee: War axe           |    22 |    26 |    65 |   164 ||   277
       Headbutt          |     4 |     6 |    10 |    31 ||    51
       Kick              |       |     6 |    17 |    42 ||    65
       Unarmed           |       |       |       |     3 ||     3
Throw: Dart              |       |       |       |     4 ||     4
Invok: Potion Petition   |       |       |       |     2 ||     2
Evoke: Wand              |       |       |     8 |     1 ||     9
       Condenser vane    |       |       |     3 |     2 ||     5
  Use: Potion            |       |     3 |     1 |     1 ||     5
       Scroll            |       |       |       |     3 ||     3
 Stab: Confused          |       |       |     8 |     6 ||    14
       Sleeping          |       |       |       |     4 ||     4
Armor: Scale mail        |     6 |     6 |    14 |    29 ||    55
Dodge: Dodged            |     6 |     5 |    31 |    47 ||    89
Block: Buckler           |     5 |     1 |    18 |    30 ||    54

Table legend: (Time is in decaauts)
 A = Elapsed time spent in this place.
 B = Non-inter-level travel time spent in this place.
 C = Inter-level travel time spent in this place.
 D = Time resting spent in this place.
 E = Time spent auto-exploring this place.
 F = Levels seen in this place.
 G = Mean time per level.
                   A        B        C        D        E       F      G
               +--------+--------+--------+--------+--------+-----+--------+
         Total |   4642 |   4609 |     33 |   3363 |    319 |   1 | 4642.0 |
       Dungeon |   4642 |   4609 |     33 |   3363 |    319 |   1 | 4642.0 |
               +--------+--------+--------+--------+--------+-----+--------+

Top non-repeatable levels by time:
       D: 4642 daAuts
